[Event "Titled Tuesday Blitz June 13 Late 2023"]
[White "Vlassov, Nikolai"]
[Black "Osmonbekov, Talaibek"]
[WhiteFideId "4103360"]
[BlackFideId "2017253"]
[WhiteElo "2324"]
[BlackElo "2135"]
[Result "0-1"]
[Round "2"]
[TimeControl "180+2"]
[Date "2023.06.13"]
[WhiteClock "0:00:00"]
[BlackClock "0:00:07"]
[Board "89"]

1. e4 c5 2. c3 d5 3. exd5 Qxd5 4. d4 Nf6 5. Nf3 e6 6. a3 Be7 7. Be3 cxd4 8. cxd4 O-O 9. Nc3 Qd8 10. Qc2 b6 11. Ne5 Bb7 12. Bd3 Nbd7 13. O-O Rc8 14. Qe2 Nd5 15. Ne4 N7f6 16. Ng5 h6 17. Ngf3 Nxe3 18. fxe3 Be4 19. Rf2 Bxd3 20. Qxd3 Qd5 21. Raf1 Ne4 22. Rc2 Bd6 23. Rfc1 Rxc2 24. Rxc2 Bxe5 25. Nxe5 Rd8 26. Rc7 Qxe5 27. Qf1 Qf5 28. Qxf5 exf5 29. Rxa7 f4 30. Re7 f5 31. exf4 Rxd4 32. g4 fxg4 33. b4 Nd2 34. Kf2 Nc4 35. Kg3 Nxa3 36. Kxg4 Rxb4 37. Kf5 Kh7 38. Rb7 Nc4 39. Ke6 b5 40. f5 Ne3 41. f6 Re4+ 42. Kd6 Nf5+ 43. Kd5 Rf4 44. Ke5 Rf2 45. f7 Nh4 46. Ke6 Ng6 47. h4 Nxh4 48. Rb8 Ng6 49. Rxb5 Rf6+ 50. Kd5 Rxf7 51. Kc4 Rf8 52. Kd3 Nf4+ 53. Ke4 h5 0-1


[Site "https://www.chess.com"]

[Event "Titled Tuesday Blitz June 13 Late 2023"]
[White "Zochowski, Kacper"]
[Black "Petersson, Kjell"]
[WhiteFideId "1125494"]
[BlackFideId "1705148"]
[WhiteElo "2235"]
[BlackElo "2005"]
[Result "1-0"]
[Round "2"]
[TimeControl "180+2"]
[Date "2023.06.13"]
[WhiteClock "0:00:30"]
[BlackClock "0:00:04"]
[Board "90"]

1. Nf3 f5 2. d3 Nc6 3. e4 e5 4. Nc3 Bb4 5. d4 exd4 6. Nxd4 fxe4 7. Nxc6 dxc6 8. Qh5+ Kf8 9. Bc4 Qe7 10. O-O Nf6 11. Qh4 Bxc3 12. bxc3 Be6 13. Bb3 h6 14. Re1 Bd5 15. c4 Be6 16. Bb2 Kf7 17. f3 Rhe8 18. fxe4 Kg8 19. e5 Nd7 20. Qf2 Rf8 21. Qe3 Qc5 22. Bd4 Qe7 23. c5 b6 24. cxb6 cxb6 25. Rad1 c5 26. Bb2 Bxb3 27. axb3 Rad8 28. e6 Nf6 29. Qe5 Rxd1 30. Rxd1 Kh8 31. h3 Kg8 32. Kh1 Re8 33. Rd6 Kf8 34. Rc6 Kg8 35. Bc1 Kf8 36. Be3 Kg8 37. Bf2 Qb7 38. Rc7 Qb8 39. Qg3 Qd8 40. Qxg7# 1-0


[Site "https://www.chess.com"]

[Event "Titled Tuesday Blitz June 13 Late 2023"]
[White "Sarana, Alexey"]
[Black "Richter, Paul"]
[WhiteFideId "24133795"]
[BlackFideId "2046350"]
[WhiteElo "2714"]
[BlackElo "2516"]
[Result "1-0"]
[Round "2"]
[TimeControl "180+2"]
[Date "2023.06.13"]
[WhiteClock "0:00:49"]
[BlackClock "0:00:14"]
[Board "91"]

1. c4 Nf6 2. Nc3 g6 3. e4 d6 4. d4 Bg7 5. h3 O-O 6. Nf3 Na6 7. Bd3 e5 8. d5 Nc5 9. Bc2 a5 10. g4 h5 11. g5 Nh7 12. Be3 f6 13. gxf6 Qxf6 14. Nd2 Bh6 15. Qe2 Bxe3 16. Qxe3 Qf4 17. Qxf4 Rxf4 18. h4 Bd7 19. f3 Raf8 20. Ke2 Kg7 21. Rag1 Kh6 22. Ke3 g5 23. Ne2 Rxh4 24. Rxh4 gxh4 25. f4 Bg4 26. f5 Nf6 27. Rh1 Rg8 28. Ng1 h3 29. Nxh3 Bxh3 30. Rxh3 Rg2 31. Bd1 Kg5 32. Bf3 Ng4+ 33. Bxg4 hxg4 34. Rh8 Rxd2 35. Rg8+ Kf6 36. Rg6+ Kf7 37. Kxd2 Nxe4+ 38. Ke3 Ng3 39. Rxg4 Nxf5+ 40. Ke4 Ne7 41. Rh4 Ke8 42. Rh8+ Kd7 43. Rb8 b6 44. b3 Nc8 45. Kf5 c6 46. Rb7+ Kd8 47. dxc6 Ne7+ 48. Ke6 Nxc6 49. Kxd6 1-0


[Site "https://www.chess.com"]

[Event "Titled Tuesday Blitz June 13 Late 2023"]
[White "Janaszak, Dawid"]
[Black "Moussard, Jules"]
[WhiteFideId "1119206"]
[BlackFideId "642908"]
[WhiteElo "2220"]
[BlackElo "2610"]
[Result "1-0"]
[Round "2"]
[TimeControl "180+2"]
[Date "2023.06.13"]
[WhiteClock "0:00:52"]
[BlackClock "0:01:44"]
[Board "92"]

1. e4 c6 2. d4 d5 3. exd5 cxd5 4. Bd3 Nc6 5. c3 Nf6 6. Bf4 g6 7. Nf3 Bf5 8. Ne5 e6 9. O-O Bd6 10. Re1 Bxd3 11. Nxd3 Bxf4 12. Nxf4 Qd6 13. Qf3 Ne4 14. Nd3 O-O 15. Qe3 Rae8 16. Nd2 Nxd2 17. Qxd2 f6 18. Re3 Re7 19. Rae1 Rfe8 20. f4 b6 21. g3 Kg7 22. Qe2 h5 23. Kg2 Na5 24. Qf2 Nb7 25. h3 Nd8 26. g4 hxg4 27. hxg4 Rh8 28. Qg3 Nf7 29. Rh1 Ree8 30. Rxh8 Rxh8 31. Qe1 Nd8 32. Qg3 Qd7 33. g5 Qf7 34. f5 Rh5 35. fxg6 Qxg6 36. gxf6+ Kxf6 37. Qxg6+ Kxg6 38. Nf4+ Kh6 39. Nxh5 Kxh5 40. Rg3 Nc6 41. Rg7 a6 42. Rb7 b5 43. Rb6 Na5 44. b3 Kg5 45. Rxa6 Nb7 46. Rb6 Nd8 47. Rxb5 Kf4 48. a4 Ke4 49. a5 Kd3 50. a6 Nc6 51. Rc5 Na7 52. b4 Kd2 53. Kf3 Kd3 54. Kf4 Kc2 55. Ke5 Kb3 56. b5 Ka4 57. b6 Nb5 58. a7 1-0


[Site "https://www.chess.com"]

[Event "Titled Tuesday Blitz June 13 Late 2023"]
[White "Erigaisi Arjun"]
[Black "angelgab3"]
[WhiteFideId "35009192"]
[WhiteElo "2719"]
[BlackElo "2516"]
[Result "1/2-1/2"]
[Round "2"]
[TimeControl "180+2"]
[Date "2023.06.13"]
[WhiteClock "0:00:47"]
[BlackClock "0:00:35"]
[Board "93"]

1. a4 e5 2. b3 Nc6 3. Bb2 d5 4. e3 Nf6 5. Bb5 Bd6 6. Nf3 Qe7 7. d4 exd4 8. Nxd4 Bd7 9. Nd2 O-O 10. O-O Rad8 11. h3 Rfe8 12. Re1 Ne4 13. Nxe4 dxe4 14. Qh5 Qe5 15. Qxe5 Nxe5 16. Bxd7 Rxd7 17. Nf5 Bf8 18. Red1 g6 19. Ng3 Rxd1+ 20. Rxd1 Nc6 21. Ne2 Bd6 22. g4 Ne5 23. Bxe5 Rxe5 24. c4 h5 25. Rd4 hxg4 26. hxg4 Re6 27. Kf1 Kg7 28. Rd5 Re5 29. Nc3 Rxd5 30. cxd5 f5 31. gxf5 gxf5 32. Ke2 Kf6 33. f4 exf3+ 34. Kxf3 Ke5 35. Ke2 a6 36. Kd3 Bb4 37. Ne2 Kxd5 38. Nf4+ Ke5 39. Ng6+ Kf6 40. Nf4 Ke5 41. Ng6+ Kf6 42. Nf4 Bd6 43. Nd5+ Ke5 44. Nf4 b5 45. Ne2 Bc5 46. Nf4 c6 47. Ng6+ Kf6 48. Nf4 Bd6 49. Ne2 Be5 50. Ng1 Ke6 51. Nf3 Bf6 52. axb5 axb5 53. Nd2 Kd5 54. e4+ fxe4+ 55. Nxe4 Be5 56. Nd2 c5 57. Nf3 c4+ 58. bxc4+ bxc4+ 59. Kc2 Bf6 60. Nd2 c3 61. Nb1 Kc4 62. Nxc3 1/2-1/2


[Site "https://www.chess.com"]

[Event "Titled Tuesday Blitz June 13 Late 2023"]
[White "Rengifo Blancas, Renzo Jhonathan"]
[Black "Kramnik, Vladimir"]
[WhiteFideId "3807185"]
[BlackFideId "4101588"]
[WhiteElo "2085"]
[BlackElo "2703"]
[Result "0-1"]
[Round "2"]
[TimeControl "180+2"]
[Date "2023.06.13"]
[WhiteClock "0:00:19"]
[BlackClock "0:00:14"]
[Board "94"]

1. e4 c5 2. c3 d5 3. exd5 Qxd5 4. d4 Nf6 5. Nf3 Nc6 6. Be3 Bg4 7. Be2 cxd4 8. cxd4 e6 9. Nc3 Bb4 10. h3 Bh5 11. O-O Qa5 12. Qb3 O-O 13. Rac1 Rfd8 14. Rfd1 Rac8 15. a3 Bxc3 16. Rxc3 Nd5 17. Rc5 Qc7 18. g4 Bg6 19. Ne5 f6 20. Nxc6 bxc6 21. Rdc1 Rb8 22. Qa2 Qe7 23. Bf3 Bf7 24. Rxc6 e5 25. Qb1 Nxe3 26. Rc7 Qe8 27. fxe3 exd4 28. exd4 Qe3+ 29. Kg2 Qd2+ 30. Kg3 Rxb2 31. R1c2 Rxc2 32. Qxc2 Qxd4 33. Qc5 Qxc5 34. Rxc5 h5 35. Rc7 hxg4 36. hxg4 Rd3 37. Rc8+ Kh7 38. Kf4 g5+ 39. Ke4 Bg6# 0-1


[Site "https://www.chess.com"]

[Event "Titled Tuesday Blitz June 13 Late 2023"]
[White "Ribeiro, Matheus Mendes Domingues"]
[Black "Chigaev, Maksim"]
[WhiteFideId "324226923"]
[BlackFideId "4108116"]
[WhiteElo "2142"]
[BlackElo "2561"]
[Result "0-1"]
[Round "2"]
[TimeControl "180+2"]
[Date "2023.06.13"]
[WhiteClock "0:02:15"]
[BlackClock "0:02:29"]
[Board "95"]

1. c4 Nf6 2. Nc3 g6 3. e4 d6 4. d4 Bg7 5. h3 O-O 6. Be3 a5 7. g4 c5 8. d5 a4 9. Nge2 e6 10. Ng3 exd5 11. cxd5 a3 12. b3 Nxg4 0-1


[Site "https://www.chess.com"]

[Event "Titled Tuesday Blitz June 13 Late 2023"]
[White "Horvath, Dominik"]
[Black "Seletsky, Grigory"]
[WhiteFideId "1642561"]
[BlackFideId "14112191"]
[WhiteElo "2407"]
[BlackElo "2491"]
[Result "1-0"]
[Round "2"]
[TimeControl "180+2"]
[Date "2023.06.13"]
[WhiteClock "0:01:38"]
[BlackClock "0:02:08"]
[Board "96"]

1. e4 c6 2. Nf3 d5 3. exd5 cxd5 4. Ne5 a6 5. g3 Nf6 6. Bg2 Nc6 7. Nxc6 bxc6 8. d4 Bf5 9. O-O e6 10. c3 Bd6 11. Nd2 O-O 12. Nf3 h6 13. Ne5 c5 14. Qa4 cxd4 15. cxd4 Be4 16. Be3 Bxg2 17. Kxg2 Qb6 18. b3 Rfc8 19. Rfc1 Qb7 20. Nd3 Ne4 21. Qa5 Bb4 22. Qxb4 1-0


[Site "https://www.chess.com"]

[Event "Titled Tuesday Blitz June 13 Late 2023"]
[White "Harsh Suresh"]
[Black "Kielinkei"]
[WhiteFideId "45018464"]
[WhiteElo "2209"]
[BlackElo "2465"]
[Result "1-0"]
[Round "2"]
[TimeControl "180+2"]
[Date "2023.06.13"]
[WhiteClock "0:00:27"]
[BlackClock "0:00:11"]
[Board "97"]

1. d3 d5 2. e4 dxe4 3. dxe4 Qxd1+ 4. Kxd1 e5 5. c3 Be6 6. Be3 Nd7 7. Kc2 O-O-O 8. Nd2 Bc5 9. Bxc5 Nxc5 10. f3 Ne7 11. Nb3 Na4 12. Bb5 Nb6 13. Na5 c6 14. Bd3 Rd7 15. Ne2 Rhd8 16. Rhd1 f6 17. Ng3 Na4 18. Be2 Rxd1 19. Rxd1 Rxd1 20. Bxd1 Nc5 21. Nh5 b6 22. Nb3 Bxb3+ 23. axb3 Ne6 24. Be2 b5 25. g3 Ng8 26. Bf1 Ng5 27. h4 Nxf3 28. Be2 Ng1 29. Bg4+ Kd8 30. Nxg7 Nh6 31. Bh5 Nh3 32. Kd2 Ke7 33. Ke3 Kf8 34. Ne6+ Ke7 35. Nc5 f5 36. exf5 Nxf5+ 37. Kf3 Kd6 38. Ne4+ Kd5 39. Bf7# 1-0


[Site "https://www.chess.com"]

[Event "Titled Tuesday Blitz June 13 Late 2023"]
[White "Zavortink, Matt"]
[Black "Schmakel, Sam"]
[WhiteFideId "2034263"]
[BlackFideId "2039311"]
[WhiteElo "2460"]
[BlackElo "2356"]
[Result "1-0"]
[Round "2"]
[TimeControl "180+2"]
[Date "2023.06.13"]
[WhiteClock "0:00:07"]
[BlackClock "0:00:02"]
[Board "98"]

1. Nf3 g6 2. e4 Bg7 3. d4 d6 4. Be2 Nc6 5. O-O e5 6. dxe5 Nxe5 7. Nxe5 Bxe5 8. f4 Bg7 9. Nc3 Ne7 10. f5 gxf5 11. exf5 Bxf5 12. Bg5 Be6 13. Ne4 d5 14. Nf6+ Bxf6 15. Bxf6 Rg8 16. Bd3 Qd6 17. Bxh7 Rg4 18. Bxe7 Qxe7 19. Bf5 Rg5 20. Bxe6 fxe6 21. Qd4 O-O-O 22. Qxa7 Rdg8 23. Rf2 b6 24. Raf1 Qc5 25. Kh1 Kd7 26. Rf7+ Kd6 27. R7f2 d4 28. Qb7 Qd5 29. Qxd5+ Kxd5 30. g3 c5 31. Rf7 e5 32. Rd7+ Kc6 33. Re7 c4 34. Kg2 Kd6 35. Rff7 Kd5 36. Kf3 R5g6 37. Rd7+ Kc5 38. Rc7+ Kb4 39. a3+ Kb5 40. Rce7 Rg5 41. Rf6 Rd8 42. Rfe6 d3 43. Rxe5+ Rd5 44. Rxg5 Rxg5 45. cxd3 cxd3 46. Ke3 Rd5 47. Kd2 Kc4 48. Re4+ Kb3 49. Re3 Kc4 50. h4 Rb5 51. Rxd3 Rxb2+ 52. Ke3 Rg2 53. Rd4+ Kc5 54. Rg4 Ra2 55. a4 Kd5 56. h5 Ke6 57. h6 Rh2 58. Rh4 Rxh4 59. gxh4 Kf6 60. Kd4 Kg6 61. Kc4 1-0


[Site "https://www.chess.com"]

[Event "Titled Tuesday Blitz June 13 Late 2023"]
[White "Fernandez Guillen, Ernesto J."]
[Black "liwadas82"]
[WhiteFideId "3512428"]
[WhiteElo "2434"]
[BlackElo "2447"]
[Result "1-0"]
[Round "2"]
[TimeControl "180+2"]
[Date "2023.06.13"]
[WhiteClock "0:00:50"]
[BlackClock "0:00:00"]
[Board "99"]

1. e4 e5 2. Nf3 Nc6 3. d4 exd4 4. Bc4 Nf6 5. O-O Nxe4 6. Re1 d5 7. Bxd5 Qxd5 8. Nc3 Qa5 9. Nxe4 Be6 10. Bd2 Qh5 11. Bg5 Bd6 12. Bf6 Bxh2+ 13. Nxh2 Qxd1 14. Raxd1 gxf6 15. Nxf6+ Ke7 16. Nh5 Rad8 17. Nf4 Rhe8 18. Nxe6 fxe6 19. Nf3 Kf6 20. a3 a5 21. Re4 e5 22. Nd2 b5 23. Rde1 d3 24. c3 b4 25. axb4 axb4 26. Rc4 Re6 27. cxb4 Nd4 28. Rxc7 Ne2+ 29. Kf1 Rb6 30. Rc4 Rdb8 31. Ne4+ Kg6 32. Nc5 Nf4 33. g3 d2 34. Rd1 Rxb4 35. Rxb4 Rxb4 36. gxf4 Rxb2 37. fxe5 Kf5 38. Nd3 Rc2 39. Ke2 Ke4 40. Rxd2 Rc6 41. f3+ Kf5 42. Ke3 h5 43. Rh2 Rh6 44. f4 h4 45. Kf3 h3 46. Nf2 Rh4 47. Nxh3 Rh5 48. Kg3 Rh7 49. Ng5 Ra7 50. Rf2 Ra3+ 51. Rf3 Ra1 52. Nh3 Re1 53. Kg2 Re4 54. Rg3 Ra4 55. Rg5+ Ke6 56. Kg3 Ra3+ 57. Kg4 Ra1 58. Rg6+ Kd5 59. Kf5 Re1 60. Rd6+ Kc5 61. Ng5 Rf1 62. Ne4+ Kb4 63. e6 Rh1 64. e7 Rh5+ 65. Ng5 Rh8 66. Rd8 Rh7 67. e8=Q 1-0


[Site "https://www.chess.com"]

[Event "Titled Tuesday Blitz June 13 Late 2023"]
[White "Bellissimo, Joseph F."]
[Black "caropawn10"]
[WhiteFideId "2609843"]
[WhiteElo "2103"]
[BlackElo "2723"]
[Result "1-0"]
[Round "2"]
[TimeControl "180+2"]
[Date "2023.06.13"]
[WhiteClock "0:00:54"]
[BlackClock "0:00:02"]
[Board "100"]

1. e4 c6 2. d4 d5 3. e5 Bf5 4. h4 h5 5. c4 e6 6. Nc3 Ne7 7. Bg5 dxc4 8. Bxc4 Nd7 9. Nge2 Nb6 10. Bd3 Qd7 11. Ng3 Bxd3 12. Qxd3 Ned5 13. a3 c5 14. dxc5 Bxc5 15. Nce4 Rc8 16. O-O O-O 17. Nxh5 Nc4 18. Nxg7 Nxe5 19. Qg3 Ng6 20. Nh5 Bd4 21. Rad1 Be5 22. Nef6+ Kh8 23. Nxd7 Bxg3 24. Nxf8 Nxf8 25. Nxg3 Rc2 26. Rfe1 Kg7 27. b4 f6 28. Rxd5 exd5 29. Nh5+ Kg6 30. Nxf6 d4 31. g4 d3 32. Rd1 Ne6 33. Rxd3 Nxg5 34. hxg5 Kxg5 35. Rd6 Ra2 36. f3 Kf4 37. Rd3 b6 38. Ne4 a5 39. g5 axb4 40. axb4 Ra4 41. g6 Ra8 42. g7 b5 43. Nf6 Kg3 44. g8=Q+ 1-0


[Site "https://www.chess.com"]

[Event "Titled Tuesday Blitz June 13 Late 2023"]
[White "Darini, Pouria"]
[Black "Kopczynski, Michal"]
[WhiteFideId "12502200"]
[BlackFideId "1124200"]
[WhiteElo "2482"]
[BlackElo "2212"]
[Result "1-0"]
[Round "2"]
[TimeControl "180+2"]
[Date "2023.06.13"]
[WhiteClock "0:00:38"]
[BlackClock "0:01:43"]
[Board "101"]

1. Nf3 d6 2. c4 g6 3. d4 Bg7 4. Nc3 Nf6 5. h4 O-O 6. Bg5 h6 7. Bxf6 Bxf6 8. h5 g5 9. e3 c5 10. d5 e5 11. dxe6 Bxe6 12. Be2 Nc6 13. O-O Bxc3 14. bxc3 Ne5 15. Nd2 f5 16. f4 Ng4 17. Bxg4 fxg4 18. Ne4 Bxc4 19. Qxg4 Bxf1 20. Qe6+ Kg7 21. Qg6+ Kh8 22. Qxh6+ Kg8 23. Qg6+ Kh8 24. Rxf1 gxf4 25. Qh6+ Kg8 26. Qg6+ Kh8 27. Qh6+ Kg8 28. exf4 Qe8 29. Nf6+ Rxf6 30. Qxf6 Qe3+ 31. Kh2 Rf8 32. Qg6+ Kh8 33. Rf3 Qc1 34. Qh6+ Kg8 35. Rg3+ Kf7 36. Rg7+ Ke8 37. Qe6+ 1-0


[Site "https://www.chess.com"]

[Event "Titled Tuesday Blitz June 13 Late 2023"]
[White "Skvortsov, Andrei"]
[Black "Melikhov, Evgeny V."]
[WhiteFideId "24108600"]
[BlackFideId "4122046"]
[WhiteElo "2259"]
[BlackElo "2158"]
[Result "1-0"]
[Round "2"]
[TimeControl "180+2"]
[Date "2023.06.13"]
[WhiteClock "0:00:07"]
[BlackClock "0:00:01"]
[Board "102"]

1. d3 d5 2. f4 e5 3. fxe5 Nc6 4. Nf3 Bg4 5. Bf4 Nge7 6. d4 Ng6 7. Bg3 f6 8. exf6 Qxf6 9. Nc3 O-O-O 10. e3 Bb4 11. Bd3 Rhe8 12. O-O Rxe3 13. Qd2 Rxf3 14. gxf3 Bh3 15. Rf2 Qxd4 16. Bxg6 hxg6 17. Qxd4 Nxd4 18. Kh1 c6 19. Be5 Bc5 20. Na4 Nb3 21. Nxc5 Nxa1 22. b4 Bf5 23. Bxa1 Re8 24. Bc3 b6 25. Nb3 Kd7 26. Kg2 Kd6 27. Nd4 c5 28. Nxf5+ gxf5 29. f4 d4 30. Bb2 Kd5 31. Rd2 Re1 32. bxc5 bxc5 33. c3 Re4 34. cxd4 cxd4 35. h3 Kc4 36. Rf2 g6 37. Bc1 d3 38. Bd2 Re6 39. Kf3 Ra6 40. Be3 Ra3 41. Rd2 Kc3 42. Rg2 Ra6 43. h4 Re6 44. Bd2+ Kc4 45. a3 Rb6 46. Ba5 Rb3 47. Bb4 Rb1 48. Rxg6 Rf1+ 49. Ke3 Rh1 50. Rc6+ Kb5 51. Rc5+ Ka4 52. Kxd3 Rxh4 53. Rxf5 Rh3+ 54. Kc4 Rh5 55. Rxh5 1-0


[Site "https://www.chess.com"]

[Event "Titled Tuesday Blitz June 13 Late 2023"]
[White "Slavin, Alexey"]
[Black "Goryachkina, Aleksandra"]
[WhiteFideId "24104388"]
[BlackFideId "4147103"]
[WhiteElo "2264"]
[BlackElo "2471"]
[Result "1/2-1/2"]
[Round "2"]
[TimeControl "180+2"]
[Date "2023.06.13"]
[WhiteClock "0:00:24"]
[BlackClock "0:00:21"]
[Board "103"]

1. e4 c6 2. d4 d5 3. e5 Bf5 4. Nf3 e6 5. Be2 Ne7 6. O-O c5 7. Be3 cxd4 8. Nxd4 Nbc6 9. f4 Nxd4 10. Bxd4 Nc6 11. Bf2 Be7 12. c3 O-O 13. Nd2 h6 14. Nb3 Rc8 15. Qd2 a6 16. Rad1 b5 17. Nd4 Be4 18. Nxc6 Rxc6 19. Bd3 Bxd3 20. Qxd3 b4 21. cxb4 Bxb4 22. f5 exf5 23. Qxf5 Re6 24. Bd4 Qe7 25. Kh1 Bc5 26. Bc3 d4 27. Bxd4 Bxd4 28. Rxd4 Rxe5 29. Qd3 a5 30. Rdf4 Qe6 31. a3 Re2 32. b4 Re3 33. Qf5 1/2-1/2


[Site "https://www.chess.com"]

[Event "Titled Tuesday Blitz June 13 Late 2023"]
[White "Figorito, Nick"]
[Black "Saveliev, Alexei"]
[WhiteFideId "30923689"]
[BlackFideId "24128546"]
[WhiteElo "2358"]
[BlackElo "2271"]
[Result "0-1"]
[Round "2"]
[TimeControl "180+2"]
[Date "2023.06.13"]
[WhiteClock "0:00:00"]
[BlackClock "0:00:17"]
[Board "104"]

1. Nf3 g6 2. g3 Bg7 3. Bg2 Nf6 4. O-O O-O 5. c4 c5 6. d4 cxd4 7. Nxd4 d6 8. Nc3 Nc6 9. Nxc6 bxc6 10. Bxc6 Rb8 11. Bg2 Be6 12. b3 Nd7 13. Bd2 Nc5 14. Rc1 Re8 15. Nd5 Bxd5 16. Bxd5 Qb6 17. Be3 Qa5 18. Bxc5 dxc5 19. Qc2 Red8 20. Rfd1 Rd6 21. h4 Rbd8 22. a4 Qb4 23. Rd3 e6 24. Be4 f5 25. Bf3 Rxd3 26. exd3 Bd4 27. Qe2 e5 28. Bd5+ Kg7 29. Rb1 Qc3 30. Bc6 e4 31. Rd1 Qxb3 32. Bb5 Rd6 33. Kg2 Bf6 34. Rd2 Qc3 35. Qe3 Qe5 36. dxe4 Rxd2 37. Qxd2 Qxe4+ 38. Kh2 Bd4 0-1


[Site "https://www.chess.com"]

[Event "Titled Tuesday Blitz June 13 Late 2023"]
[White "Manukyan, Sargis A."]
[Black "Cardozo Munar, Carlos Eduardo"]
[WhiteFideId "13303970"]
[BlackFideId "4409477"]
[WhiteElo "2187"]
[BlackElo "2067"]
[Result "1-0"]
[Round "2"]
[TimeControl "180+2"]
[Date "2023.06.13"]
[WhiteClock "0:01:07"]
[BlackClock "0:00:00"]
[Board "105"]

1. d4 d5 2. c4 e5 3. dxe5 d4 4. Nf3 Nc6 5. g3 Nge7 6. Bg2 Ng6 7. O-O Ngxe5 8. Nbd2 a5 9. b3 Nxf3+ 10. Nxf3 Bc5 11. Bb2 O-O 12. a3 Re8 13. Qd2 Bg4 14. Rfd1 Qe7 15. Nxd4 Nxd4 16. Bxd4 Bxd4 17. Qxd4 Bxe2 18. Re1 Rad8 19. Qb2 c6 20. Bf1 Qg5 21. Rxe2 Rxe2 22. Qxe2 h5 23. Rd1 Rf8 24. Qd2 Qg4 25. Be2 Qe6 26. Bxh5 g6 27. Bf3 a4 28. bxa4 Qxc4 29. Qb4 Qc2 30. Qxb7 Qxa4 31. Qxc6 Qxa3 32. Kg2 Qb3 33. h4 Rb8 34. h5 Rb6 35. Qe8+ Kg7 36. Rd8 Kh6 37. Qh8+ Kg5 38. Rd5+ f5 39. Qd8+ Kh6 40. Qf8+ Kg5 41. Qe7+ Kh6 42. Rd8 Qb2 43. Qe3+ Kg7 44. h6+ Kh7 45. Qe7+ 1-0


[Site "https://www.chess.com"]

[Event "Titled Tuesday Blitz June 13 Late 2023"]
[White "Haydon, David L"]
[Black "Adury, Anant"]
[WhiteFideId "415405"]
[BlackFideId "30964687"]
[WhiteElo "2326"]
[BlackElo "2331"]
[Result "1/2-1/2"]
[Round "2"]
[TimeControl "180+2"]
[Date "2023.06.13"]
[WhiteClock "0:00:06"]
[BlackClock "0:00:09"]
[Board "106"]

1. d4 d6 2. Nc3 e5 3. dxe5 dxe5 4. Qxd8+ Kxd8 5. Bg5+ f6 6. O-O-O+ Ke8 7. Bh4 c6 8. e4 Bc5 9. Nf3 Be6 10. Nd2 b5 11. Nb3 Bb6 12. a4 b4 13. Na2 a5 14. Kb1 Nd7 15. f3 Nc5 16. Nxc5 Bxc5 17. Nc1 Rd8 18. Rxd8+ Kxd8 19. Nd3 Bb6 20. Nxe5 g5 21. Bc4 fxe5 22. Bxg5+ Kd7 23. Rd1+ Bd4 24. c3 Bxc4 25. cxd4 Bb3 26. Rd3 Bc4 27. Rd2 Ne7 28. dxe5+ Ke8 29. f4 Rg8 30. Bf6 Bf1 31. g3 h5 32. e6 Rg6 33. e5 Nd5 34. f5 Rg4 35. Bh4 Re4 36. Bf6 Bc4 37. Kc2 Re1 38. Rd4 Re2+ 39. Kd1 Ne3+ 40. Kc1 Bd5 41. Rh4 Rc2+ 42. Kb1 Rd2 43. b3 Rd1+ 44. Kb2 Rd2+ 45. Kc1 Rd1+ 46. Kb2 Nxf5 47. Rxh5 Bxe6 48. Rg5 Kf7 49. g4 Nd4 50. Rg7+ Kf8 51. Re7 Bxb3 52. g5 Rd2+ 53. Kc1 Rd1+ 54. Kb2 c5 55. g6 Rd2+ 56. Kc1 Rd1+ 57. Kb2 Rd2+ 58. Kc1 Rc2+ 59. Kd1 Rg2+ 60. Ke1 Rxg6 61. h4 Rg2 62. h5 Rh2 63. Rh7 Bc2 64. Rh8+ Kf7 65. h6 Ke6 66. Re8+ Kf5 67. Rc8 Rxh6 68. Rxc5 b3 69. e6+ Kxe6 70. Bxd4 Rh1+ 71. Kd2 Rd1+ 72. Kc3 Rd3+ 73. Kc4 Rxd4+ 74. Kxd4 b2 75. Rb5 b1=Q 76. Rxb1 Bxb1 77. Kc5 Kd7 78. Kb6 Bc2 79. Kxa5 Bxa4 1/2-1/2


[Site "https://www.chess.com"]

[Event "Titled Tuesday Blitz June 13 Late 2023"]
[White "Perez, Maximiliano"]
[Black "Ziatdinov, Raset"]
[WhiteFideId "117234"]
[BlackFideId "2015323"]
[WhiteElo "2334"]
[BlackElo "2220"]
[Result "1-0"]
[Round "2"]
[TimeControl "180+2"]
[Date "2023.06.13"]
[WhiteClock "0:02:02"]
[BlackClock "0:01:15"]
[Board "107"]

1. e4 e6 2. d3 d5 3. Nd2 f6 4. Ngf3 Ne7 5. g3 c5 6. Bg2 Nbc6 7. O-O b6 8. Re1 Bb7 9. exd5 exd5 10. d4 c4 11. Nf1 Qd7 12. Ne3 O-O-O 13. c3 g6 14. b3 Nf5 15. Bh3 Kb8 16. Nxf5 gxf5 17. Bf4+ Ka8 18. Nh4 Ne7 19. a4 Rg8 20. Qh5 Ng6 21. Bd2 Nxh4 22. Qxh4 Bb4 23. cxb4 cxb3 24. b5 1-0


[Site "https://www.chess.com"]

[Event "Titled Tuesday Blitz June 13 Late 2023"]
[White "Rodriguez Polo, Mateo"]
[Black "Bayo Milagro, Alvaro"]
[WhiteFideId "24509396"]
[BlackFideId "22275240"]
[WhiteElo "2117"]
[BlackElo "2270"]
[Result "0-1"]
[Round "2"]
[TimeControl "180+2"]
[Date "2023.06.13"]
[WhiteClock "0:00:00"]
[BlackClock "0:00:07"]
[Board "108"]

1. Nf3 d5 2. c4 e6 3. g3 Nf6 4. Bg2 Be7 5. O-O O-O 6. b3 b6 7. Bb2 Bb7 8. e3 Nbd7 9. Nc3 dxc4 10. bxc4 c5 11. Qe2 Rc8 12. Nh4 Bxg2 13. Nxg2 Qc7 14. f4 a6 15. g4 Rb8 16. a4 Rfd8 17. f5 exf5 18. Rxf5 Bd6 19. g5 Ne8 20. Nd5 Qb7 21. Raf1 Nf8 22. Qf3 Rd7 23. h4 Ne6 24. h5 Nd8 25. h6 g6 26. Rf6 Ne6 27. Rxe6 fxe6 28. Nf6+ Nxf6 29. Qxf6 e5 30. Qe6+ Kh8 31. Qf6+ Kg8 32. Qe6+ Kh8 33. Nf4 Rf8 34. Bxe5+ Bxe5 35. Qxe5+ Kg8 36. Qe6+ Rdf7 37. Nd5 Kh8 38. Nf6 Qe7 39. Qxe7 Rxe7 40. Rf2 b5 41. axb5 axb5 42. cxb5 Rb7 43. d4 cxd4 44. exd4 Rxb5 0-1


[Site "https://www.chess.com"]

[Event "Titled Tuesday Blitz June 13 Late 2023"]
[White "Bernado Lopez, Roger"]
[Black "Deng, Henry"]
[WhiteFideId "24585009"]
[BlackFideId "30965454"]
[WhiteElo "2097"]
[BlackElo "2555"]
[Result "1-0"]
[Round "2"]
[TimeControl "180+2"]
[Date "2023.06.13"]
[WhiteClock "0:00:16"]
[BlackClock "0:00:43"]
[Board "109"]

1. e4 c5 2. Nf3 e6 3. d4 cxd4 4. Nxd4 Nf6 5. Nc3 Nc6 6. Nxc6 bxc6 7. e5 Nd5 8. Ne4 Bb7 9. Be2 c5 10. O-O Qc7 11. Nd6+ Bxd6 12. exd6 Qc6 13. Bf3 c4 14. Re1 Qxd6 15. b3 c3 16. a4 f6 17. Ba3 Qc6 18. Qd4 Kf7 19. Rad1 Qc7 20. Qh4 Rae8 21. Qc4 Rc8 22. Bxd5 Bxd5 23. Rxd5 exd5 24. Re7+ Kg6 25. Qg4+ Kh6 26. Qh4+ Kg6 27. Qg4+ Kh6 28. Qxg7+ Kh5 29. Re3 Qf4 30. Rh3+ Qh4 31. g4# 1-0


[Site "https://www.chess.com"]

[Event "Titled Tuesday Blitz June 13 Late 2023"]
[White "DampFalcon"]
[Black "Camilla_Lee"]
[WhiteElo "1909"]
[BlackElo "2551"]
[Result "0-1"]
[Round "2"]
[TimeControl "180+2"]
[Date "2023.06.13"]
[WhiteClock "0:00:00"]
[BlackClock "0:00:07"]
[Board "110"]

1. e4 e5 2. Nf3 Nc6 3. d4 exd4 4. Nxd4 Nf6 5. Nxc6 bxc6 6. e5 Qe7 7. Qe2 Nd5 8. h4 Qe6 9. g3 d6 10. c4 Nb6 11. Bg2 dxe5 12. b3 Bb4+ 13. Bd2 Bc5 14. Nc3 O-O 15. O-O-O a5 16. Rhe1 Re8 17. Ne4 Ba3+ 18. Kb1 a4 19. Ng5 Qe7 20. Be4 h6 21. Qh5 axb3 22. axb3 Be6 23. Bxc6 Nxc4 24. Bxe8 hxg5 25. Bc6 Rb8 26. Ba4 Nb2 27. Qf3 Nxa4 28. Bxg5 f6 29. Rd3 Nc5 30. Rc3 Nxb3 31. Rcc1 Nd4+ 0-1


[Site "https://www.chess.com"]